 Dungeon Crawl Stone Soup version 0.26.1-2-gb8aa6d0cf2 (webtiles) character file.

Game seed: 1808748287298727121

367 Mauric the Cudgeller (level 6, 0/40 HPs)
             Began as a Gargoyle Berserker on Feb 10, 2021.
             Was a Believer of Trog.
             Slain by an ogre
             ... wielding a cursed -3 giant club
              (7 damage)
             ... on level 4 of the Dungeon.
             The game lasted 00:24:43 (3311 turns).

Mauric the Cudgeller (Gargoyle Berserker)           Turns: 3311, Time: 00:24:44

Health: 0/40       AC: 11    Str: 22    XL:     6   Next: 69%
Magic:  6/6        EV: 10    Int:  8    God:    Trog [**....]
Gold:   206        SH:  0    Dex:  9    Spells: 5/5 levels left

rFire    . . .     SeeInvis .   a - +0 mace
rCold    . . .     Faith    .   (no shield)
rNeg     + . .     Spirit   .   p - +0 scale mail
rPois    ∞         Reflect  .   (no helmet)
rElec    +         Harm     .   (no cloak)
rCorr    .         Rampage  .   (no gloves)
Will     ++...                  (no boots)
Stlth    ..........             f - amulet of magic regeneration
HPRegen  1.13/turn              u - ring of poison resistance
MPRegen  0.35/turn              (no ring)

@: berserk cooldown, regenerating, slowed, very slow
A: negative energy resistance 1, electricity resistance, unbreathing,
petrification resistance, miasma immunity, AC +4
a: Renounce Religion, Berserk, Trog's Hand


You were on level 4 of the Dungeon.
You worshipped Trog.
Trog was pleased with you.
You visited 1 branch of the dungeon, and saw 4 of its levels.

You collected 206 gold pieces.

Inventory:

Hand Weapons
 a - a +0 mace (weapon)
 n - a +0 dagger
 r - a +1 dagger of draining
 s - a +0 spear
Missiles
 e - 33 arrows
 g - 20 poisoned darts
 D - 5 javelins (quivered)
Armour
 b - a +0 animal skin
 d - a +0 leather armour
 p - a +0 scale mail (worn)
Jewellery
 f - an amulet of magic regeneration (around neck)
 u - a ring of poison resistance (left hand)
Scrolls
 h - 2 scrolls of enchant weapon {unknown}
 i - 4 scrolls of enchant armour {unknown}
 l - a scroll of random uselessness {unknown}
 m - a scroll of blinking {unknown}
 q - 3 scrolls of remove curse {unknown}
 y - 2 scrolls of magic mapping {unknown}
 z - a scroll of amnesia {unknown}
 B - a scroll of immolation {unknown}
 C - 4 scrolls of identify {unknown}
Potions
 c - 10 potions of curing {unknown}
 j - 2 potions of heal wounds {unknown}
 k - a potion of magic {unknown}
 o - a potion of mutation {unknown}
 t - 2 potions of lignification {unknown}
 v - a potion of berserk rage {unknown}
 w - a potion of haste {unknown}
 x - a potion of flight {unknown}
 A - a potion of brilliance {unknown}


   Skills:
 + Level 4.8 Fighting
 + Level 5.4 Maces & Flails
 + Level 3.5 Armour
 + Level 2.5 Dodging
 + Level 0.2 Stealth


You had 5 spell levels left.
You didn't know any spells.
Your spell library was empty.

Dungeon Overview and Level Annotations

Branches:
Dungeon (4/15)
 Temple: D:4-7

Altars:
Cheibriados
Gozag
Ru

Shops:
D:2 *


Innate Abilities, Weirdness & Mutations

You are resistant to torment.
Your stone body is resilient. (AC +4)
You are immune to poison.
You resist negative energy. (rN+)
You are resistant to electric shocks. (rElec)
You can survive without breathing.
You are immune to petrification.
You are immune to miasma.


Message History

Aim: an ogre, wielding a +0 giant spiked club (72% to hit)
You throw a javelin. The javelin pierces through the ogre.
The ogre is lightly wounded.
The ogre hits you with a +0 giant spiked club!!
Your skin crawls.
You feel strong-willed.
An ogre comes into view. It is wielding a -3 giant club.
The ogre hits you with a +0 giant spiked club.
The ogre shouts!
The ogre closely misses you.
You sock the ogre!
The ogre is heavily wounded.
The ogre hits you with a +0 giant spiked club!
The ogre barely misses you.
A worker ant comes into view.
The ogre hits you with a cursed -3 giant club!
* * * LOW HITPOINT WARNING * * *
The ogre hits you but does no damage.
The ogre hits you with a cursed -3 giant club!
You die...

..#.#..#.#########
##.. ....#..#.# #.# #
#.# #.# #.#########
#.# #.........# ####.#
#########.########
#..... ##....††...$..#
#.....
#.............###.....
#....@O.......#.......
#......O......#......#
#.............#......#
#..B...(.###########.#
.......#### #.#
........# #.#
........# #.#
........# #.# .......
#.#


You could see 2 ogres and a worker ant.

Vanquished Creatures
  A scorpion (D:4)
  An orc wizard (D:3)
  2 iguanas (D:4)
  2 worker ants (D:4)
  A hound skeleton (D:4)
  7 adders
  2 oozes
  5 worms
  2 dart slugs (D:3)
  A leopard gecko (D:2)
  3 orcs (D:3)
  2 ball pythons (D:1)
  4 giant cockroaches (D:1)
  8 goblins
  13 hobgoblins
  3 jackals (D:4)
  2 quokkas
  7 bats
  5 frilled lizards
  9 kobolds
  11 rats
91 creatures vanquished.

Notes
Turn   | Place    | Note
-------+----------+-------------------------------------------
     0 | D:1      | Mauric the Gargoyle Berserker began the quest for the Orb.
     0 | D:1      | Reached XP level 1. HP: 14/14 MP: 1/1
   135 | D:1      | Reached XP level 2. HP: 15/19 MP: 2/2
   443 | D:1      | Reached XP level 3. HP: 22/24 MP: 3/3
   790 | D:2      | Reached ** piety under Trog
   842 | D:2      | Found Gozag's Platinum Reserve.
  1050 | D:2      | Reached XP level 4. HP: 28/29 MP: 4/4
  1057 | D:2      | Found an opulent altar of Gozag.
  1131 | D:2      | Reached skill level 4 in Maces & Flails
  1255 | D:2      | Found a sacrificial altar of Ru.
  1391 | D:2      | Found a faded altar of an unknown god.
  1681 | D:3      | Reached XP level 5. HP: 33/33 MP: 5/5
  2779 | D:4      | Reached XP level 6. HP: 36/39 MP: 6/6
  2883 | D:4      | Found a snail-covered altar of Cheibriados.
  3124 | D:4      | Reached skill level 5 in Maces & Flails
  3311 | D:4      | Slain by an ogre

Illustrated notes

Levels and vault maps discovered:
D:1:      onia_arrival_handbag, layout_loops_ring
D:2:      minmay_skewed_foursquare, layout_basic, old_standard_altar,
          chequers_ecumenical_altar_island, hangedman_abyss_or_decor_stabs,
          nicolae_gozag_zags_fifth_avenue
D:3:      layout_basic, corexii_shack
D:4:      layout_basic, marbit_many_paths

Skill      XL: |  1  2  3  4  5  6 |
---------------+-------------------+-----
Fighting       | 4 |  4.8
Dodging        | 2 |  2.5
Maces & Flails | 4 5 |  5.4
Armour         | 3 |  3.5
Stealth        | |  0.2

Action                   |  1- 3 |  4- 6 || total
-------------------------+-------+-------++-------
Melee: Mace              |   128 |   203 ||   331
Throw: Javelin           |       |     1 ||     1
Invok: Berserk           |       |     5 ||     5
       Trog's Hand       |       |     1 ||     1
Armor: Animal skin       |     9 |       ||     9
       Leather armour    |    54 |    18 ||    72
       Scale mail        |       |    78 ||    78
Dodge: Dodged            |   104 |   118 ||   222
